General information
			
			
        
        - name: BNet
 
        - type: Ladder team game (AT/RT)
 
        - host: Battle.net
 
        - saver: Giuseppe.
 
        
map: SilverpineForest 
        - players: 6
 
        - length: 125:14
 
        - speed: Fast
 - version: 1.22 W3XP
 - replay type:  

 
» download(597 KB)
Players
        team 1 (winner) 
              
              
Giuseppe. (
purple | 50 APM | 6232 actions | 125:14)
              
 8 Warden 
 3 Shadow Strike
 3 Blink
 2 Fan of Knives
 7 Pandaren Brewmaster 
 3 Breath of Fire
 3 Drunken Haze
 1 Storm Earth and Fire
 
                » actions 
                
                | Assign group hotkey | 23 |  | 
| Basic commands | 81 |  | 
| Build / train | 129 |  | 
| Enter build submenu | 22 |  | 
| Enter hero's abilities submenu | 16 |  | 
| Give item / drop item | 29 |  | 
| Remove unit from queue | 7 |  | 
| Right click | 3672 |  | 
| Select / deselect | 886 |  | 
| Select group hotkey | 970 |  | 
| Use ability | 392 |  | 
                6232 total
 » units 
                
                | Wisp | 21 |  | 
| Druid of the Talon | 13 |  | 
| Goblin Zeppelin | 1 |  | 
| Hippogryph | 19 |  | 
| Druid of the Claw | 1 |  | 
| Mountain Giant | 1 |  | 
                56 total
 » upgrades
                
                | Ultravision | 1 |  | 
| Strength of the Wild | 3 |  | 
| Reinforced Hides | 3 |  | 
| Well Spring | 1 |  | 
| Druid of the Talon Training | 2 |  | 
| Nature's Blessing | 1 |  | 
| Mark of the Talon | 1 |  | 
| Strength of the Moon | 0 |  | 
| Druid of the Claw Training | 2 |  | 
| Hardened Skin | 1 |  | 
| Resistant Skin | 1 |  | 
| Mark of the Claw | 1 |  | 
                17 total
 » buildings
                
                | Altar of Elders | 1 |  | 
| Moon Well | 7 |  | 
| Tree of Ages | 1 |  | 
| Hunter's Hall | 1 |  | 
| Tree of Eternity | 1 |  | 
| Ancient of Wind | 2 |  | 
| Chimaera Roost | 2 |  | 
| Ancient of Wonders | 1 |  | 
| Tree of Life | 2 |  | 
| Ancient of Lore | 1 |  | 
                19 total
 » build order
                00:14 Altar of Elders
00:26 Moon Well
01:03 Moon Well
03:50 Tree of Ages
05:17 Hunter's Hall
05:48 Moon Well
07:07 Moon Well
07:32 Tree of Eternity
08:27 Ancient of Wind
09:59 Chimaera Roost
11:58 Chimaera Roost
12:30 Ancient of Wonders
15:18 Moon Well
15:19 Moon Well
19:02 Tree of Life
38:36 Tree of Life
43:18 Moon Well
44:01 Ancient of Wind
49:43 Ancient of Lore
» items
                
                | Boots of Speed | 2 |  | 
| Staff of Teleportation | 3 |  | 
| Healing Salve | 7 |  | 
| Lesser Clarity Potion | 6 |  | 
| Orb of Venom | 1 |  | 
| Staff of Preservation | 1 |  | 
| Scroll of Town Portal | 3 |  | 
| Orb of Lightning | 1 |  | 
| Claws of Attack +12 | 1 |  | 
                25 total
  
               
              
              
VincenzoBianchi (
green | 59 APM | 7353 actions | 125:13)
              
 7 Shadow Hunter 
 3 Hex
 3 Healing Wave
 1 Big Bad Voodoo
 6 Blademaster 
 3 Wind Walk
 2 Critical Strike
 1 Bladestorm
 
                » actions 
                
                | Assign group hotkey | 45 |  | 
| Basic commands | 278 |  | 
| Build / train | 128 |  | 
| ESC pressed | 7 |  | 
| Enter build submenu | 80 |  | 
| Enter hero's abilities submenu | 14 |  | 
| Give item / drop item | 26 |  | 
| Right click | 3554 |  | 
| Select / deselect | 885 |  | 
| Select group hotkey | 1821 |  | 
| Use ability | 510 |  | 
                7353 total
 » units 
                
                | Peon | 21 |  | 
| Troll Batrider | 22 |  | 
| Shaman | 3 |  | 
| Troll Witch Doctor | 2 |  | 
| Spirit Walker | 2 |  | 
| Kodo Beast | 1 |  | 
| Wind Rider | 7 |  | 
                58 total
 » upgrades
                
                | Spiked Barricades | 3 |  | 
| Reinforced Defenses | 1 |  | 
| Ranged Weapons | 3 |  | 
| Melee Weapons | 3 |  | 
| Shaman Training | 2 |  | 
| Witch Doctor Training | 2 |  | 
| Spirit Walker Training | 2 |  | 
| War Drums Damage Increase | 1 |  | 
| Envenomed Spears | 1 |  | 
| Ensnare | 1 |  | 
| Armor | 3 |  | 
                22 total
 » buildings
                
                | Altar of Storms | 2 |  | 
| Orc Burrow | 12 |  | 
| War Mill | 3 |  | 
| Watch Tower | 66 |  | 
| Voodoo Lounge | 5 |  | 
| Great Hall | 1 |  | 
| Stronghold | 1 |  | 
| Beastiary | 3 |  | 
| Fortress | 1 |  | 
| Spirit Lodge | 2 |  | 
                96 total
 » build order
                00:08 Altar of Storms
00:11 Orc Burrow
00:29 War Mill
01:41 Watch Tower
01:59 Watch Tower
02:27 Watch Tower
02:47 Watch Tower
03:11 Watch Tower
03:22 Voodoo Lounge
03:30 Orc Burrow
03:46 Watch Tower
03:49 Watch Tower
04:25 Watch Tower
05:07 Great Hall
05:12 Voodoo Lounge
05:19 Watch Tower
05:31 Watch Tower
05:35 Watch Tower
05:40 Watch Tower
06:35 Watch Tower
06:38 Watch Tower
06:44 Watch Tower
07:02 Watch Tower
07:14 Watch Tower
08:09 Watch Tower
08:09 Watch Tower
08:10 Watch Tower
08:24 Watch Tower
08:57 Stronghold
09:01 Watch Tower
09:02 Watch Tower
09:41 Watch Tower
10:00 Watch Tower
10:01 Watch Tower
10:01 Watch Tower
10:05 Orc Burrow
10:53 Watch Tower
11:38 Beastiary
11:41 Fortress
11:58 Watch Tower
11:59 Watch Tower
12:10 Beastiary
12:14 Beastiary
12:40 Voodoo Lounge
12:42 Voodoo Lounge
12:47 Watch Tower
12:48 Watch Tower
12:48 Watch Tower
12:51 Watch Tower
12:53 Watch Tower
14:07 Watch Tower
15:26 Watch Tower
15:28 Watch Tower
15:29 Watch Tower
17:34 Voodoo Lounge
18:57 Watch Tower
18:58 Watch Tower
23:30 Spirit Lodge
24:23 Spirit Lodge
24:49 Orc Burrow
24:49 Orc Burrow
24:50 Orc Burrow
24:51 Orc Burrow
24:53 Orc Burrow
24:54 Watch Tower
24:55 Watch Tower
24:55 Watch Tower
24:55 Watch Tower
24:56 Watch Tower
42:43 Watch Tower
42:44 Watch Tower
42:46 Watch Tower
44:52 Watch Tower
45:55 Watch Tower
45:55 Watch Tower
46:02 Watch Tower
46:03 Watch Tower
48:16 Watch Tower
48:17 Watch Tower
48:18 Watch Tower
48:19 Watch Tower
57:44 Watch Tower
57:45 Watch Tower
57:46 Watch Tower
57:47 Watch Tower
62:08 War Mill
62:24 War Mill
65:43 Watch Tower
65:44 Watch Tower
65:46 Watch Tower
124:12 Altar of Storms
124:14 Orc Burrow
124:15 Orc Burrow
124:17 Orc Burrow
124:18 Orc Burrow
» items
                
                | Boots of Speed | 2 |  | 
| Staff of Teleportation | 2 |  | 
| Dust of Appearance | 1 |  | 
| Lesser Clarity Potion | 4 |  | 
| Healing Salve | 1 |  | 
| Hood of Cunning | 2 |  | 
| Amulet of Spell Shield | 2 |  | 
| Helm of Valor | 2 |  | 
| Medallion of Courage | 2 |  | 
| Orb of Lightning | 2 |  | 
| Khadgar's Gem of Health | 3 |  | 
| Claws of Attack +12 | 2 |  | 
| Ancient Janggo of Endurance | 1 |  | 
| Pendant of Mana | 1 |  | 
                27 total
  
               
              
              
WarioVermicelli (
teal | 64 APM | 8038 actions | 125:12)
              
 7 Archmage 
 3 Blizzard
 3 Brilliance Aura
 1 Mass Teleport
 7 Blood Mage 
 3 Flame Strike
 3 Siphon Mana
 1 Summon Phoenix
 4 Pit Lord 
 2 Rain of Fire
 2 Cleaving Attack
 
                » actions 
                
                | Assign group hotkey | 13 |  | 
| Basic commands | 221 |  | 
| Build / train | 189 |  | 
| ESC pressed | 43 |  | 
| Enter build submenu | 141 |  | 
| Enter hero's abilities submenu | 18 |  | 
| Give item / drop item | 8 |  | 
| Right click | 3817 |  | 
| Select / deselect | 1639 |  | 
| Select group hotkey | 1280 |  | 
| Use ability | 665 |  | 
                8038 total
 » units 
                
                | Peasant | 23 |  | 
| Dragonhawk Rider | 5 |  | 
| Goblin Zeppelin | 1 |  | 
| Gryphon Rider | 7 |  | 
                36 total
 » upgrades
                
                | Masonry | 3 |  | 
| Lumber Harvesting | 2 |  | 
| Magic Sentry | 1 |  | 
| Swords | 3 |  | 
| Armor | 3 |  | 
| Cloud | 1 |  | 
| Animal War Training | 1 |  | 
| Storm Hammers | 1 |  | 
                15 total
 » buildings
                
                | Altar of Kings | 2 |  | 
| Farm | 26 |  | 
| Lumber Mill | 3 |  | 
| Scout Tower | 135 |  | 
| Guard Tower | 68 |  | 
| Arcane Tower | 22 |  | 
| Arcane Vault | 4 |  | 
| Keep | 1 |  | 
| Town Hall | 1 |  | 
| Arcane Sanctum | 1 |  | 
| Gryphon Aviary | 2 |  | 
| Blacksmith | 1 |  | 
| Castle | 1 |  | 
| Barracks | 1 |  | 
                268 total
 » build order
                00:07 Altar of Kings
00:10 Farm
00:20 Lumber Mill
00:52 Scout Tower
01:19 Farm
01:27 Guard Tower
01:29 Scout Tower
01:36 Scout Tower
01:39 Scout Tower
01:59 Farm
02:15 Guard Tower
02:16 Arcane Tower
02:17 Scout Tower
02:19 Scout Tower
02:22 Arcane Tower
02:25 Scout Tower
02:42 Scout Tower
02:52 Guard Tower
02:55 Scout Tower
03:00 Scout Tower
03:01 Guard Tower
03:15 Guard Tower
03:22 Scout Tower
03:32 Scout Tower
03:33 Guard Tower
03:46 Scout Tower
03:48 Guard Tower
03:49 Scout Tower
03:53 Guard Tower
03:54 Scout Tower
04:02 Guard Tower
04:04 Scout Tower
04:05 Scout Tower
04:06 Scout Tower
04:19 Scout Tower
04:21 Scout Tower
04:22 Arcane Tower
04:24 Arcane Tower
04:29 Scout Tower
04:41 Arcane Vault
04:47 Scout Tower
04:51 Guard Tower
05:01 Guard Tower
05:17 Scout Tower
05:20 Guard Tower
05:43 Guard Tower
05:56 Guard Tower
06:11 Scout Tower
06:11 Guard Tower
06:13 Scout Tower
06:15 Scout Tower
06:41 Scout Tower
06:43 Guard Tower
07:02 Arcane Tower
07:13 Guard Tower
07:14 Scout Tower
07:24 Keep
07:42 Arcane Tower
07:43 Scout Tower
07:59 Scout Tower
08:01 Scout Tower
08:14 Guard Tower
08:17 Town Hall
08:19 Scout Tower
08:27 Scout Tower
08:28 Guard Tower
08:29 Arcane Tower
08:31 Scout Tower
08:47 Guard Tower
08:51 Scout Tower
08:58 Scout Tower
09:00 Guard Tower
09:04 Scout Tower
09:25 Scout Tower
09:26 Arcane Tower
09:32 Guard Tower
09:36 Scout Tower
09:40 Scout Tower
09:42 Scout Tower
10:09 Guard Tower
10:11 Scout Tower
10:17 Scout Tower
10:25 Scout Tower
10:26 Guard Tower
10:28 Guard Tower
10:30 Scout Tower
10:33 Scout Tower
10:48 Scout Tower
10:49 Scout Tower
10:50 Guard Tower
10:52 Arcane Tower
10:56 Arcane Sanctum
11:01 Scout Tower
11:03 Guard Tower
11:05 Arcane Tower
11:06 Scout Tower
11:13 Farm
11:16 Scout Tower
11:18 Scout Tower
11:19 Guard Tower
11:21 Guard Tower
11:23 Scout Tower
11:33 Scout Tower
11:34 Arcane Tower
11:35 Guard Tower
11:38 Scout Tower
11:45 Guard Tower
11:58 Scout Tower
12:00 Guard Tower
12:06 Gryphon Aviary
12:09 Scout Tower
12:22 Scout Tower
12:27 Blacksmith
12:30 Guard Tower
12:35 Scout Tower
12:37 Scout Tower
12:39 Guard Tower
12:47 Guard Tower
12:51 Farm
12:52 Farm
12:52 Farm
12:53 Farm
13:30 Guard Tower
13:32 Scout Tower
13:34 Scout Tower
13:35 Guard Tower
13:38 Gryphon Aviary
14:15 Scout Tower
14:16 Guard Tower
14:19 Scout Tower
14:20 Guard Tower
14:22 Scout Tower
14:24 Scout Tower
14:25 Scout Tower
14:26 Scout Tower
14:27 Scout Tower
14:45 Scout Tower
14:46 Guard Tower
14:48 Castle
14:55 Scout Tower
14:58 Guard Tower
15:19 Guard Tower
15:25 Scout Tower
15:27 Scout Tower
15:27 Scout Tower
15:52 Scout Tower
15:53 Scout Tower
15:54 Scout Tower
15:55 Scout Tower
15:55 Scout Tower
15:56 Scout Tower
16:23 Barracks
16:31 Guard Tower
16:50 Guard Tower
18:52 Guard Tower
18:58 Scout Tower
18:59 Guard Tower
19:33 Scout Tower
19:34 Guard Tower
20:19 Guard Tower
20:22 Scout Tower
20:23 Scout Tower
20:25 Scout Tower
20:25 Scout Tower
20:27 Scout Tower
20:28 Scout Tower
20:32 Arcane Vault
21:16 Guard Tower
21:20 Arcane Tower
21:24 Scout Tower
21:24 Scout Tower
21:27 Scout Tower
21:27 Scout Tower
21:30 Scout Tower
21:31 Scout Tower
21:32 Arcane Tower
21:56 Arcane Vault
22:25 Guard Tower
22:40 Lumber Mill
23:46 Scout Tower
25:03 Arcane Tower
25:07 Scout Tower
25:46 Arcane Tower
25:51 Scout Tower
26:35 Arcane Tower
26:42 Lumber Mill
27:48 Scout Tower
27:51 Scout Tower
27:52 Scout Tower
27:53 Scout Tower
27:53 Scout Tower
27:54 Scout Tower
27:55 Scout Tower
27:56 Scout Tower
27:57 Scout Tower
28:43 Arcane Tower
29:58 Arcane Tower
31:34 Arcane Tower
37:15 Farm
37:16 Farm
37:16 Farm
39:16 Farm
39:17 Farm
41:44 Scout Tower
41:45 Scout Tower
41:46 Scout Tower
41:49 Scout Tower
41:50 Scout Tower
41:51 Scout Tower
41:52 Scout Tower
42:13 Guard Tower
42:20 Guard Tower
42:36 Guard Tower
42:42 Scout Tower
42:44 Scout Tower
42:45 Scout Tower
42:47 Scout Tower
42:49 Guard Tower
43:17 Guard Tower
43:28 Farm
43:29 Farm
43:45 Guard Tower
44:22 Guard Tower
44:58 Altar of Kings
45:43 Guard Tower
46:17 Farm
46:18 Farm
48:06 Farm
48:07 Farm
50:27 Farm
50:45 Farm
51:35 Farm
54:07 Scout Tower
54:08 Scout Tower
54:09 Scout Tower
54:12 Scout Tower
54:13 Scout Tower
54:14 Scout Tower
54:35 Guard Tower
54:51 Scout Tower
54:52 Scout Tower
54:53 Scout Tower
54:54 Scout Tower
55:06 Guard Tower
55:21 Guard Tower
55:25 Guard Tower
55:48 Guard Tower
56:18 Guard Tower
56:28 Scout Tower
56:30 Scout Tower
56:30 Scout Tower
56:36 Guard Tower
56:38 Guard Tower
56:56 Guard Tower
57:24 Guard Tower
67:57 Scout Tower
67:59 Scout Tower
68:01 Scout Tower
68:03 Scout Tower
68:10 Scout Tower
68:31 Arcane Tower
69:27 Arcane Tower
71:01 Arcane Tower
75:00 Arcane Vault
99:40 Farm
99:41 Farm
99:46 Farm
99:46 Farm
» items
                
                | Boots of Speed | 3 |  | 
| Staff of Teleportation | 3 |  | 
| Orb of Lightning | 1 |  | 
| Healing Salve | 2 |  | 
| Scroll of Town Portal | 3 |  | 
| Staff of Sanctuary | 3 |  | 
| Orb of Fire | 1 |  | 
| Amulet of Spell Shield | 1 |  | 
| Orb of Darkness | 1 |  | 
| Mechanical Critter | 5 |  | 
| Cloak of Flames | 1 |  | 
| Khadgar's Gem of Health | 1 |  | 
                25 total
  
               team 2 (loser) 
              
              
Floophead_III (
blue | 36 APM | 4456 actions | 125:12)
              
 7 Blademaster 
 3 Wind Walk
 3 Critical Strike
 1 Bladestorm
 3 Shadow Hunter 
 2 Hex
 1 Healing Wave
 2 Pandaren Brewmaster 
 1 Breath of Fire
 1 Drunken Brawler
 
                » actions 
                
                | Assign group hotkey | 31 |  | 
| Basic commands | 718 |  | 
| Build / train | 121 |  | 
| ESC pressed | 1 |  | 
| Enter build submenu | 55 |  | 
| Enter hero's abilities submenu | 12 |  | 
| Give item / drop item | 7 |  | 
| Remove unit from queue | 5 |  | 
| Right click | 1525 |  | 
| Select / deselect | 1019 |  | 
| Select group hotkey | 666 |  | 
| Use ability | 295 |  | 
                4456 total
 » units 
                
                | Peon | 12 |  | 
| Wind Rider | 40 |  | 
| Raider | 4 |  | 
| Troll Batrider | 4 |  | 
| Goblin Zeppelin | 5 |  | 
| Demolisher | 4 |  | 
                69 total
 » upgrades
                
                | Ranged Weapons | 3 |  | 
| Armor | 3 |  | 
| Ensnare | 1 |  | 
| Reinforced Defenses | 1 |  | 
| Pillage | 1 |  | 
| Envenomed Spears | 1 |  | 
| Melee Weapons | 3 |  | 
| Liquid Fire | 1 |  | 
| Burning Oil | 1 |  | 
                15 total
 » buildings
                
                | Altar of Storms | 1 |  | 
| Orc Burrow | 9 |  | 
| Voodoo Lounge | 1 |  | 
| Stronghold | 1 |  | 
| War Mill | 1 |  | 
| Beastiary | 3 |  | 
| Fortress | 1 |  | 
| Great Hall | 1 |  | 
| Watch Tower | 30 |  | 
| Barracks | 1 |  | 
                49 total
 » build order
                00:03 Altar of Storms
00:06 Orc Burrow
00:58 Voodoo Lounge
01:33 Orc Burrow
02:37 Stronghold
03:48 War Mill
05:05 Beastiary
05:08 Beastiary
05:12 Beastiary
05:17 Orc Burrow
06:24 Orc Burrow
08:42 Orc Burrow
09:58 Orc Burrow
17:24 Fortress
20:13 Great Hall
25:32 Orc Burrow
25:36 Orc Burrow
26:46 Watch Tower
26:48 Watch Tower
26:55 Watch Tower
26:56 Watch Tower
26:58 Watch Tower
29:00 Watch Tower
29:02 Watch Tower
29:04 Watch Tower
29:10 Watch Tower
29:12 Watch Tower
46:20 Watch Tower
46:23 Watch Tower
46:24 Watch Tower
46:26 Watch Tower
47:43 Watch Tower
47:44 Watch Tower
48:16 Watch Tower
48:18 Watch Tower
50:44 Watch Tower
50:45 Watch Tower
50:50 Watch Tower
50:53 Watch Tower
51:51 Watch Tower
52:03 Watch Tower
52:05 Watch Tower
52:08 Watch Tower
71:06 Barracks
73:36 Watch Tower
73:42 Watch Tower
85:01 Watch Tower
85:02 Watch Tower
124:10 Orc Burrow
» items
                
                | Healing Salve | 3 |  | 
| Lesser Clarity Potion | 2 |  | 
| Scroll of Town Portal | 1 |  | 
| Claws of Attack +6 | 1 |  | 
| Slippers of Agility +3 | 1 |  | 
| Orb of Darkness | 1 |  | 
| Talisman of Evasion | 1 |  | 
| Pendant of Energy | 1 |  | 
| Sentry Wards | 1 |  | 
| Ancient Janggo of Endurance | 1 |  | 
| Staff of Teleportation | 1 |  | 
| Boots of Speed | 1 |  | 
                15 total
  
               
              
              
m4gyk (
pink | 25 APM | 3032 actions | 121:50)
              
 6 Blademaster 
 2 Wind Walk
 3 Critical Strike
 1 Bladestorm
 4 Far Seer 
 2 Feral Spirit
 1 Chain Lighting
 1 Far Sight
 1 Shadow Hunter 
 1 Healing Wave
 
                » actions 
                
                | Assign group hotkey | 46 |  | 
| Basic commands | 300 |  | 
| Build / train | 117 |  | 
| Enter build submenu | 42 |  | 
| Enter hero's abilities submenu | 12 |  | 
| Give item / drop item | 12 |  | 
| Remove unit from queue | 1 |  | 
| Right click | 679 |  | 
| Select / deselect | 996 |  | 
| Select group hotkey | 463 |  | 
| Use ability | 363 |  | 
                3032 total
 » units 
                
                | Peon | 32 |  | 
| Wind Rider | 16 |  | 
| Shaman | 5 |  | 
| Troll Witch Doctor | 4 |  | 
| Grunt | 4 |  | 
| Goblin Zeppelin | 1 |  | 
                62 total
 » upgrades
                
                | Shaman Training | 2 |  | 
| Armor | 3 |  | 
| Ranged Weapons | 3 |  | 
| Envenomed Spears | 1 |  | 
| Spiked Barricades | 3 |  | 
| Reinforced Defenses | 1 |  | 
| Witch Doctor Training | 2 |  | 
| Spirit Walker Training | 2 |  | 
| Melee Weapons | 3 |  | 
| Ensnare | 1 |  | 
| Liquid Fire | 1 |  | 
| War Drums Damage Increase | 1 |  | 
| Pulverize | 1 |  | 
| Troll Regeneration | 1 |  | 
| Berserker Strength | 1 |  | 
| Berserker Upgrade | 1 |  | 
| Burning Oil | 1 |  | 
                28 total
 » buildings
                
                | Altar of Storms | 1 |  | 
| Orc Burrow | 8 |  | 
| Stronghold | 1 |  | 
| War Mill | 1 |  | 
| Beastiary | 2 |  | 
| Spirit Lodge | 1 |  | 
| Great Hall | 1 |  | 
| Fortress | 1 |  | 
| Voodoo Lounge | 1 |  | 
| Watch Tower | 24 |  | 
| Tauren Totem | 1 |  | 
| Barracks | 1 |  | 
                43 total
 » build order
                00:05 Altar of Storms
00:08 Orc Burrow
01:39 Stronghold
02:02 Orc Burrow
02:14 Orc Burrow
02:36 War Mill
04:02 Beastiary
04:17 Beastiary
04:30 Orc Burrow
05:33 Spirit Lodge
07:54 Great Hall
08:23 Fortress
13:00 Orc Burrow
13:04 Orc Burrow
13:07 Orc Burrow
14:32 Orc Burrow
15:07 Voodoo Lounge
27:50 Watch Tower
27:50 Watch Tower
27:52 Watch Tower
27:53 Watch Tower
28:06 Watch Tower
28:07 Watch Tower
28:08 Watch Tower
28:37 Watch Tower
28:37 Watch Tower
28:39 Watch Tower
28:40 Watch Tower
37:33 Tauren Totem
58:48 Barracks
86:42 Watch Tower
86:44 Watch Tower
86:46 Watch Tower
86:49 Watch Tower
86:52 Watch Tower
86:54 Watch Tower
92:01 Watch Tower
92:03 Watch Tower
93:10 Watch Tower
93:29 Watch Tower
94:27 Watch Tower
94:33 Watch Tower
94:57 Watch Tower
» items
                
                | Claws of Attack +6 | 2 |  | 
| Gauntlets of Ogre Strength +3 | 1 |  | 
| Claws of Attack +9 | 3 |  | 
| Claws of Attack +12 | 2 |  | 
| Crystal Ball | 1 |  | 
                9 total
  
               
              
              
toastyv6.7 (
yellow | 21 APM | 2532 actions | 121:40)
              
 5 Tauren Chieftain 
 3 Endurance Aura
 2 Shockwave
 1 Blademaster 
 1 Wind Walk
 2 Shadow Hunter 
 1 Healing Wave
 1 Hex
 
                » actions 
                
                | Assign group hotkey | 26 |  | 
| Basic commands | 6 |  | 
| Build / train | 78 |  | 
| ESC pressed | 2 |  | 
| Enter build submenu | 81 |  | 
| Enter hero's abilities submenu | 8 |  | 
| Remove unit from queue | 2 |  | 
| Right click | 1471 |  | 
| Select / deselect | 502 |  | 
| Select group hotkey | 206 |  | 
| Use ability | 150 |  | 
                2532 total
 » units 
                
                | Peon | 27 |  | 
| Demolisher | 10 |  | 
| Raider | 3 |  | 
| Wind Rider | 2 |  | 
| Troll Witch Doctor | 6 |  | 
| Troll Batrider | 4 |  | 
                52 total
 » upgrades
                
                | Ranged Weapons | 2 |  | 
| Burning Oil | 1 |  | 
| Ensnare | 1 |  | 
| Reinforced Defenses | 1 |  | 
| Witch Doctor Training | 2 |  | 
                7 total
 » buildings
                
                | Orc Burrow | 9 |  | 
| Altar of Storms | 1 |  | 
| War Mill | 1 |  | 
| Stronghold | 1 |  | 
| Barracks | 3 |  | 
| Fortress | 1 |  | 
| Great Hall | 1 |  | 
| Beastiary | 2 |  | 
| Watch Tower | 54 |  | 
| Spirit Lodge | 1 |  | 
| Voodoo Lounge | 2 |  | 
                76 total
 » build order
                00:08 Orc Burrow
00:52 Altar of Storms
01:05 Orc Burrow
01:09 War Mill
01:50 Orc Burrow
02:14 Stronghold
04:49 Barracks
04:52 Barracks
04:55 Barracks
05:01 Orc Burrow
05:58 Orc Burrow
06:55 Orc Burrow
06:58 Orc Burrow
14:06 Fortress
18:20 Great Hall
19:32 Beastiary
19:36 Beastiary
27:00 Watch Tower
27:02 Watch Tower
27:04 Watch Tower
27:06 Watch Tower
28:07 Watch Tower
28:11 Watch Tower
28:16 Watch Tower
28:19 Watch Tower
30:00 Watch Tower
30:02 Watch Tower
32:47 Spirit Lodge
32:52 Voodoo Lounge
32:57 Voodoo Lounge
33:42 Watch Tower
33:44 Watch Tower
33:46 Watch Tower
33:50 Watch Tower
33:53 Watch Tower
35:05 Watch Tower
35:10 Watch Tower
35:12 Watch Tower
35:19 Watch Tower
35:22 Watch Tower
35:46 Watch Tower
35:48 Watch Tower
46:44 Watch Tower
46:46 Watch Tower
46:49 Watch Tower
46:52 Watch Tower
46:55 Watch Tower
46:58 Watch Tower
48:37 Watch Tower
48:39 Watch Tower
48:41 Watch Tower
48:42 Watch Tower
48:44 Watch Tower
48:45 Watch Tower
48:47 Watch Tower
48:49 Watch Tower
48:56 Watch Tower
48:58 Watch Tower
62:24 Orc Burrow
62:27 Orc Burrow
76:08 Watch Tower
76:15 Watch Tower
76:55 Watch Tower
76:58 Watch Tower
77:02 Watch Tower
77:08 Watch Tower
77:31 Watch Tower
77:36 Watch Tower
78:41 Watch Tower
78:46 Watch Tower
78:52 Watch Tower
78:55 Watch Tower
79:02 Watch Tower
79:58 Watch Tower
80:05 Watch Tower
80:23 Watch Tower
» items
                
                | Scroll of Town Portal | 1 |  | 
| Potion of Healing | 1 |  | 
| Scroll of Speed | 1 |  | 
| Orb of Lightning | 1 |  | 
                4 total
  
                Chat log
          (00:41 / All) VincenzoBianchi: il fagiano
(00:45 / All) Giuseppe.: forte
(00:47 / All) m4gyk: man
(00:49 / All) VincenzoBianchi: mama mia
(00:51 / All) m4gyk: even the italians are rude
(00:53 / All) m4gyk: glhf
(00:56 / All) WarioVermicelli: ~*~Fight With Honor And Have Excellent Manner~*~
(01:00 / All) WarioVermicelli: Itsa me
(01:03 / All) WarioVermicelli: Wario Vermicelli
(01:16 / All) VincenzoBianchi: la caravella et il spondori
(12:43 / All) toastyv6.7: CONVER ME
(12:48 / All) Giuseppe.: wow
(12:57 / All) Giuseppe.: CONVER YOURSELF
(13:45 / Allies) VincenzoBianchi: bppb
(18:29 / All) Giuseppe.: conver him
(29:04 / All) Giuseppe.: Peace U Later
(33:02 / All) Giuseppe.: EZ PZ
(33:19 / All) WarioVermicelli: It'sa me
(33:21 / All) WarioVermicelli: Carbohydratio
(33:32 / All) Floophead_III: fuck off
(33:35 / All) Giuseppe.: U Mad?
(33:44 / All) Floophead_III: lolumad
(33:51 / All) Giuseppe.: U Like 4Chan?
(34:03 / All) Giuseppe.: in italy we like simpler, older website.
(35:34 / All) Giuseppe.: U Like?
(36:15 / All) Giuseppe.: ty greedy noop
(37:30 / All) Giuseppe.: how bad are you?
(37:33 / All) Giuseppe.: on a scale of -1 to -10
(37:36 / All) Giuseppe.: i would say -10
(37:36 / All) toastyv6.7: have you won yet?
(37:37 / All) m4gyk: -11
(37:37 / All) Floophead_III: less bad than u
(37:39 / All) Giuseppe.: yes
(40:18 / All) Giuseppe.: you could have stayed over towers
(40:22 / All) Giuseppe.: instead thanks for exp
(40:25 / All) Floophead_III: ok
(40:30 / All) Floophead_III: that cost u way more gold than me
(40:31 / All) Giuseppe.: retard childe.
(40:34 / All) Giuseppe.: nope sorry
(40:35 / All) Floophead_III: lol
(40:37 / All) Floophead_III: purple
(40:38 / All) Floophead_III: leave
(40:38 / All) Floophead_III: plz
(40:40 / All) Floophead_III: u can't win
(40:42 / All) Giuseppe.: nah we win already
(40:48 / All) Floophead_III: ok
(40:49 / All) Floophead_III: um
(40:50 / All) Floophead_III: no
(41:12 / All) toastyv6.7: a tragedy
(41:35 / All) Floophead_III: hmm that's a pity
(46:14 / All) Floophead_III: so how you guys doing on gold?
(46:18 / All) Giuseppe.: not so great
(46:24 / All) Giuseppe.: upkeep a beitche
(46:28 / All) toastyv6.7: isnt it?
(50:24 / All) Giuseppe.: silverpine one of my top 3 fav. maps
(50:28 / All) Giuseppe.: what do y'all think of it?
(50:41 / All) m4gyk: this is fun
(50:54 / All) m4gyk: i usually play this to waste time
(50:58 / All) m4gyk: so yeah
(51:00 / All) m4gyk: i'm enjoying it
(52:31 / Allies) VincenzoBianchi: 3-2-1 classroooom contaaaact
(54:06 / All) Giuseppe.: you guys know aa-gabriel
(54:10 / All) Giuseppe.: he's the last guy we play on this map
(54:13 / All) Giuseppe.: he desPISES us
(54:15 / All) Giuseppe.: know why?
(54:30 / All) Floophead_III: do you like pancakes?
(56:48 / All) Floophead_III: lol giving up?
(56:52 / All) VincenzoBianchi: fuck U
(56:53 / All) Giuseppe.: yea
(56:58 / All) Giuseppe.: just gonna make you kill em all
(57:05 / All) Floophead_III: appearently not
(57:08 / All) Floophead_III: teal is going it for me
(57:14 / All) Giuseppe.: scott is retart
(57:39 / All) Floophead_III: u can't cube and expect to win vs us, we cubed way too much back in the day anyways
(57:45 / All) Giuseppe.: hahahah.
(57:49 / All) VincenzoBianchi: fuck u....
(57:59 / All) Floophead_III: believe me it's a lot harder in roc
(58:00 / All) Giuseppe.: i invented cube sorry, this is like the great-great-great grandson of cube
(63:52 / All) Floophead_III: DIE TREE
(64:35 / All) Floophead_III: lol
(64:42 / All) VincenzoBianchi: stfu
(64:50 / All) WarioVermicelli: gg...
(64:54 / All) WarioVermicelli: make you kill stuff just so you earn it
(64:55 / All) Giuseppe.: our last base....diggy "ancient django of endurance"
(65:33 / All) Floophead_III: lol
(65:41 / All) Floophead_III: and i thought u had forces
(65:59 / All) Giuseppe.: we do, aheh
(66:17 / All) WarioVermicelli: gg .. .
(66:26 / All) Floophead_III: i'll find ur tree
(66:32 / All) Giuseppe.: who took my tree
(66:35 / All) Floophead_III: hi
(66:35 / All) Giuseppe.: who found my tree
(66:40 / All) Giuseppe.: Bimaldo....
(66:42 / All) VincenzoBianchi: who find my triece
(67:21 / All) VincenzoBianchi: hullo.
(67:36 / All) Floophead_III: ROFL
(67:40 / All) Giuseppe.: so gg bye leaf
(68:53 / All) Floophead_III: LOL
(68:54 / All) Floophead_III: wtf
(69:22 / All) m4gyk: how many levels did you guys get from that?
(69:26 / All) Floophead_III: none
(69:28 / All) Floophead_III: tower kills don't get exp
(69:33 / All) Floophead_III: if hero not nearby
(69:43 / All) Giuseppe.: are you joke?
(69:46 / All) Giuseppe.: are you for real?
(69:50 / All) WarioVermicelli: Italia #1
(69:51 / All) Floophead_III: for real
(69:51 / All) Giuseppe.: are you.....roc players?
(70:05 / All) Floophead_III: tower kills didn't give exp last I checked
(70:05 / All) toastyv6.7: yeah
(70:14 / All) Giuseppe.: "if hero not nearby"
(70:15 / All) Giuseppe.: yesus
(70:15 / All) WarioVermicelli: at the start we agreed on honor and manner, and now that you've lost it's time to say gg and honor your end of the bargain
(70:25 / All) Floophead_III: lol
(70:26 / All) m4gyk: we didn't agree on anything
(70:28 / All) Floophead_III: you can't win
(70:32 / All) WarioVermicelli: We had a deal....
(70:34 / All) Giuseppe.: we won a long time ago
(70:37 / All) WarioVermicelli: You breach the contract
(70:45 / All) m4gyk: i just complained that you opened the match without manners
(70:49 / All) Giuseppe.: goodbye darryl
(70:53 / All) WarioVermicelli: We had a deal . . .
(71:09 / All) Giuseppe.: i sing you funeral christmas carol "la la"
(72:41 / All) WarioVermicelli: Nature howls, do you not
(72:48 / All) WarioVermicelli: Hear her call?
(74:10 / All) Giuseppe.: come on noop
(75:39 / All) WarioVermicelli: This is like Agent Orange that your country used in Vietnam
(79:06 / All) Giuseppe.: y'all ever play uther party
(79:15 / All) Floophead_III: yall ever leave this game?
(79:18 / All) Giuseppe.: peon pandemonium is just practice fot his
(79:25 / All) Giuseppe.: nope my longest win is 17.8 hours
(79:40 / All) Giuseppe.: http://highper.ch/ for replays tip and pics
(79:46 / All) Floophead_III: lol
(79:47 / All) Floophead_III: and yet
(79:50 / All) Floophead_III: ur gonna lose
(79:54 / All) Giuseppe.: real.
(79:55 / All) WarioVermicelli: do you really think that
(79:58 / All) Floophead_III: yes
(79:59 / All) Floophead_III: i do
(80:00 / All) WarioVermicelli: tell me what orc counter to this is
(80:06 / All) Giuseppe.: funny once i get on the mountain i've never lost
(80:07 / All) Floophead_III: we'll win
(80:09 / All) Floophead_III: if i told u
(80:09 / All) WarioVermicelli: mass peons and watch towers is what you seem to have come up with
(80:12 / All) Floophead_III: it'd make it beatable?
(81:22 / All) Giuseppe.: spend all that gould...
(81:28 / All) Floophead_III: why
(81:31 / All) toastyv6.7: ive got more than 7k
(83:11 / Allies) Giuseppe.: ruze ma tuze
(85:12 / All) Giuseppe.: u make me Smell with pride
(85:58 / All) Giuseppe.: i thank thee
(86:01 / All) Giuseppe.: and then i spank thee
(86:33 / All) WarioVermicelli: so
(86:38 / All) Giuseppe.: that was your plan...?
(86:41 / All) Giuseppe.: lose your blade?
(86:46 / All) WarioVermicelli: are you still winning i cant tell
(87:00 / All) Floophead_III: have you killed any of our buildings?
(87:56 / All) Giuseppe.: a pity you had to match with us... you could have lost 10 more in this time
(88:12 / All) WarioVermicelli: Omerta
(88:14 / All) WarioVermicelli: Code of Owange
(88:14 / All) Giuseppe.: you want me to leave.
(88:46 / All) Giuseppe.: goodbye manny.
(89:50 / All) WarioVermicelli: Now is the winter of your discontent
(90:20 / All) Floophead_III: how the hell
(90:21 / All) Giuseppe.: senx.
(90:26 / All) Giuseppe.: Q: How
(90:27 / All) VincenzoBianchi: what
(90:29 / All) Giuseppe.: A: You suck
(90:31 / All) VincenzoBianchi: what did you not understand.
(90:35 / All) Giuseppe.: are you really that much of a noob.
(90:37 / All) VincenzoBianchi: far sight
(90:40 / All) VincenzoBianchi: u dumb stupid
(90:44 / All) VincenzoBianchi: i got far seer hereo
(90:46 / All) Floophead_III: i see
(91:34 / All) Giuseppe.: you guys see blizzcon finals?
(91:40 / All) Giuseppe.: let me paraphrase lucifron:
(91:50 / All) Giuseppe.: "i think i win....because....he attack my mountain...."
(91:57 / All) m4gyk: isn't he a boss in brd?
(92:31 / All) Giuseppe.: What BRD.
(92:38 / All) m4gyk: blackrock depths?
(92:43 / All) Giuseppe.: that some wow shit?
(92:53 / All) m4gyk: yep
(93:01 / All) Giuseppe.: explains your noobosity
(93:12 / All) m4gyk: oh yeha
(93:16 / All) m4gyk: i'm a registered noob
(93:17 / All) Giuseppe.: healing ward don't hit siege SORRY!
(93:19 / All) m4gyk: you want to see my hard?
(93:22 / All) m4gyk: card*
(93:24 / All) toastyv6.7: not for the seige?
(93:25 / All) Giuseppe.: no thanks that kind of gay.
(94:35 / All) WarioVermicelli: All your work...
(94:39 / All) WarioVermicelli: Gone in a hail of fire and ice
(94:40 / All) Floophead_III: isn't over?
(94:48 / All) WarioVermicelli: Do you feel the sting, Guardian?
(98:34 / All) Giuseppe.: BOOM
(99:03 / All) Giuseppe.: blademaster third yellow?
(99:07 / All) Giuseppe.: classy
(103:11 / All) Giuseppe.: hey noobes
(103:14 / All) m4gyk: hi
(103:17 / All) Floophead_III: hey
(103:19 / All) Giuseppe.: we got enough gold to rebuild our entire armies twice
(103:20 / All) Floophead_III: wanna finish us off
(103:22 / All) Floophead_III: ok
(103:22 / All) Giuseppe.: i just finish the spreadsheet.
(103:23 / All) Floophead_III: do it
(103:27 / All) m4gyk: nice
(103:31 / All) m4gyk: come attack please
(103:35 / All) Giuseppe.: nope !
(103:36 / All) toastyv6.7: i beat off twice waiting for you guys
(103:41 / All) VincenzoBianchi: nah we let you wallow in your loss
(103:48 / All) Giuseppe.: your huge, stinky loss
(103:55 / All) Giuseppe.: hope you guys don't like those accounts
(104:00 / All) Giuseppe.: cause if you sort your games by length
(104:00 / All) Floophead_III: we don't
(104:07 / All) Giuseppe.: a big stinky CLAN TOWA WAS HERE right @ the top
(104:14 / All) m4gyk: it's true
(104:25 / All) m4gyk: but i don't sort my games by length much
(105:20 / All) m4gyk: i am a pretty big fan of your strat
(105:34 / All) Giuseppe.: here's the deal
(105:37 / All) Giuseppe.: http://highper.ch/win
(105:39 / All) VincenzoBianchi: http://highper.ch/win
(105:40 / All) Giuseppe.: check that site
(105:48 / All) toastyv6.7: is that a rickroll?
(105:56 / All) Giuseppe.: nope.  legitimate e-commerce
(105:58 / All) m4gyk: they'd better have better things to do than rickroll us
(106:11 / All) m4gyk: if they're gonna go through this effort
(106:13 / All) toastyv6.7: youd think, but they towered
(108:15 / All) m4gyk: i wonder if we can ban you for griefing
(108:19 / All) Giuseppe.: i wonder....
(108:25 / All) WarioVermicelli: Worth a shot, go for it
(108:26 / All) Giuseppe.: you see my website?
(108:29 / All) m4gyk: mope
(108:32 / All) Giuseppe.: http://highper.ch/
(108:37 / All) m4gyk: what does it say?
(108:43 / All) Giuseppe.: check how many replays there are of us doing this.
(108:45 / All) WarioVermicelli: You are harassing us though, which is against the Warcraft III T.O.S.
(108:50 / All) m4gyk: i am?
(108:54 / All) WarioVermicelli: Please stop harassing us and just play the game.
(108:57 / All) m4gyk: oh
(108:58 / All) m4gyk: yeha.
(109:01 / All) WarioVermicelli: This is your final warning.
(109:03 / All) m4gyk: i'll get right one that
(109:10 / All) m4gyk: wait
(109:13 / All) m4gyk: which buttons do i push?
(109:23 / All) Giuseppe.: 4chan filth shut thine trap
(109:27 / All) WarioVermicelli: I've asked you politely yet you persist
(109:34 / All) m4gyk: which buttons do i push?
(109:36 / All) WarioVermicelli: You are making the ESRB rating approach T for Teen
(109:40 / All) Giuseppe.: http://highper.ch/
(109:47 / All) m4gyk: i will play if you tell me how
(109:48 / All) WarioVermicelli: I want to take it back down to E for Everyone
(110:23 / All) VincenzoBianchi: The MPAA movie rating system from 1972 gives this an M
(112:23 / All) Floophead_III: is that fun?
(112:41 / All) Giuseppe.: in italy we love our mountains
(112:42 / All) Giuseppe.: so yes
(112:55 / All) Giuseppe.: the greatest fun is machavellian mountains (this is my name for this strat)
(113:01 / All) WarioVermicelli: Please stop harassing me, I'm just an old Italian looking for love and rigatoni in this cruel world
(113:05 / All) m4gyk: i like the mountains
(113:18 / All) WarioVermicelli: Do you like Vesuvius
(113:25 / All) WarioVermicelli: because I feel like you can relate to that one
(113:26 / All) Giuseppe.: you like this strat?  here's my advice for you
(113:28 / All) m4gyk: it buried pompeii, stabiae, and herculaneum
(113:31 / All) Giuseppe.: 1) leave this game
(113:32 / All) VincenzoBianchi: thats a spicy meata ball
(113:46 / All) Giuseppe.: 2) play campaign 8 or 9 times to get a concept of "micro" and "macro"
(114:00 / All) Giuseppe.: 3) watch at least 50 highperch/silverpine/upking mountaineer reeps
(114:03 / All) WarioVermicelli: And cast yourself into the fires of Vesuvius
(114:05 / All) Giuseppe.: 4) start trying it in RT
(114:32 / All) Giuseppe.: 5) maybe by 2015 you'll be able to perch/mountaineer/PZS/tower with us
(114:44 / All) m4gyk: mm
(114:46 / All) m4gyk: maybe
(114:50 / All) m4gyk: you never know
(115:16 / All) VincenzoBianchi: GRIGLIATA DI VERDURE
(115:38 / All) VincenzoBianchi: Gamberoni Fra Diavolo
(115:49 / All) WarioVermicelli: Do You Like Rigatoni Coladas?
(115:58 / All) m4gyk: mm
(115:59 / All) m4gyk: no
(116:03 / All) m4gyk: i like chocolate milkshakes
(116:16 / All) WarioVermicelli: Are you trolling me?
(116:43 / All) Giuseppe.: 
(117:06 / All) WarioVermicelli: our fortress is impenetrable like an uncooked tortellini
(117:09 / All) Giuseppe.: 
(117:15 / All) m4gyk: tha'ts neat
(117:22 / All) m4gyk: i think i am going to bed
(117:23 / All) m4gyk: gg
(117:27 / All) Giuseppe.: owned berdnoob
(117:32 / All) VincenzoBianchi: flye awaye
(120:01 / All) m4gyk: you are taking 10 damage every time you do that
(120:12 / All) Giuseppe.: atrue
(121:45 / All) m4gyk: gg
(121:51 / All) Giuseppe.: toasted shitnoob